 Dungeon Crawl Stone Soup version 0.27-a0-604-g29a88b33a7 (webtiles) character file.

Game seed: 2989427891211762342

842 dolemite99 the Ducker (level 8, -2/59 (67) HPs)
             Began as a Gnoll Monk on Mar 12, 2021.
             Was a Priest of Yredelemnul.
             Slain by an orc priest (4 damage)
             ... on level 5 of the Dungeon.
             The game lasted 00:12:35 (8141 turns).

dolemite99 the Ducker (Gnoll Monk)                  Turns: 8141, Time: 00:12:35

HP:   -2/59 (67)    AC: 11    Str: 13    XL:     8   Next: 0%
MP:   12/12         EV:  8    Int: 10    God:    Yredelemnul [***...]
Gold: 131           SH:  0    Dex: 14    Spells: 12/12 levels left

rFire    . . .     SeeInvis .   a - +0 hand axe
rCold    . . .     Faith    .   (no shield)
rNeg     + . .     Spirit   .   D - +0 chain mail
rPois    .         Reflect  .   (no helmet)
rElec    .         Harm     .   (no cloak)
rCorr    .         Rampage  .   i - +0 pair of gloves
Will     .....                  r - +0 pair of boots
Stlth    ..........             (no amulet)
HPRegen  0.19/turn              g - ring of flight
MPRegen  0.13/turn              l - ring of positive energy

@: confused, heavily drained
A: fangs 1, strong nose, distributed training
a: Renounce Religion, Evoke Flight, Recall Undead Slaves, Injury Mirror, Animate
Dead


You were on level 5 of the Dungeon.
You worshipped Yredelemnul.
Yredelemnul was most pleased with you.
You visited 2 branches of the dungeon, and saw 6 of its levels.

You collected 213 gold pieces.
You spent 82 gold pieces at shops.

Inventory:

Hand Weapons
 a - a +0 hand axe (weapon)
 b - a +0 shortbow
 m - a +1 short sword of freezing
 n - a +0 dagger of speed
 x - a +2 halberd of flaming
 E - a +2 dagger of distortion
 L - a +1 vorpal flail
Missiles
 c - 62 stones
 e - 30 sling bullets
 f - 23 bolts
 p - 64 poisoned darts (quivered)
 y - 38 arrows
 C - 5 boomerangs
 F - 5 javelins
Armour
 i - a +0 pair of gloves (worn)
 j - a +0 ring mail
 o - a +0 robe
 r - a +0 pair of boots (worn)
 v - a +0 plate armour
 D - a +0 chain mail (worn)
Magical Staves
 M - a staff of poison
Jewellery
 d - a ring of fire
 g - a ring of flight (right hand)
 h - a ring of protection from fire
 l - a ring of positive energy (left hand)
Scrolls
 k - a scroll of random uselessness {unknown}
 u - a scroll of fog
 w - a scroll of noise {unknown}
 G - a scroll of enchant armour {unknown}
 I - 2 scrolls of teleportation {unknown}
 K - a scroll of blinking
Potions
 q - a potion of brilliance
 s - 3 potions of might {unknown}
 t - a potion of flight {unknown}
 z - a potion of resistance
 A - 4 potions of haste {unknown}
 H - 3 potions of ambrosia {unknown}
 J - a potion of cancellation {unknown}
 N - a potion of invisibility {unknown}


   Skills:
 + Level 7.2 Fighting
 + Level 2.8 Short Blades
 + Level 2.8 Long Blades
 + Level 7.2 Axes
 + Level 2.8 Maces & Flails
 + Level 2.8 Polearms
 + Level 2.8 Staves
 + Level 2.8 Slings
 + Level 2.8 Bows
 + Level 2.8 Crossbows
 + Level 2.8 Throwing
 + Level 2.8 Armour
 + Level 7.2 Dodging
 + Level 5.1 Stealth
 + Level 2.8 Shields
 + Level 2.8 Unarmed Combat
 + Level 2.8 Spellcasting
 + Level 2.3 Conjurations
 + Level 2.3 Hexes
 + Level 2.3 Summonings
 + Level 2.3 Necromancy
 + Level 2.3 Translocations
 + Level 2.3 Transmutations
 + Level 2.3 Fire Magic
 + Level 2.3 Ice Magic
 + Level 2.3 Air Magic
 + Level 2.3 Earth Magic
 + Level 2.3 Poison Magic
 + Level 3.1 Invocations
 + Level 2.8 Evocations


You had 12 spell levels left.
You didn't know any spells.
Your spell library contained the following spells:

 Spells                   Type           Power      Damage    Failure   Level
 Animate Skeleton         Necr           12%        N/A       98%         1
 Apportation              Tloc           12%        N/A       98%         1
 Corona                   Hex            6%         N/A       98%         1
 Foxfire                  Conj/Fire      24%        2x1d5     98%         1
 Pain                     Necr           24%        1d5       98%         1
 Summon Small Mammal      Summ           24%        N/A       98%         1
 Conjure Flame            Conj/Fire      6%         6-21      100%        3
 Inner Flame              Hex/Fire       6%         N/A       100%        3
 Vampiric Draining        Necr           3%         2d6       100%        3
 Animate Dead             Necr           3%         N/A       100%        4
 Sticky Flame             Conj/Fire      6%         2d3       100%        4
 Agony                    Necr           6%         N/A       100%        5
 Fireball                 Conj/Fire      3%         3d4       100%        5


Dungeon Overview and Level Annotations

Branches:
Dungeon (5/15)             Temple (1/1) D:4

Altars:
Ashenzari
Dithmenos
Elyvilon
Fedhas
Gozag
Hepliaklqana
Kikubaaqudgha
Makhleb
Nemelex Xobeh
Ru
Sif Muna
Trog
Uskayaw
Wu Jian
Xom
Yredelemnul
Zin
The Shining One

Shops:
D:4 ?*


Innate Abilities, Weirdness & Mutations

You have very sharp teeth.
Your uncanny sense of smell can sniff out nearby items.
Your experience applies equally to all skills.


Message History

Pain shoots through your body!
* * * LOW HITPOINT WARNING * * *
The orc wizard closely misses you.
Your giant cockroach zombie closely misses the orc wizard.
Your transformation has ended.
Your +0 hand axe unmelds from your body.
Your +0 pair of gloves unmelds from your body.
Your +0 pair of boots unmelds from your body.
Your +0 chain mail unmelds from your body.
Your ring of positive energy unmelds from your body.
Your ring of flight unmelds from your body.
The orc priest misses you.
The orc wizard hits you but does no damage.
You partially resist.
Your giant cockroach zombie barely misses the orc wizard.
The orc priest hits you.
* * * LOW HITPOINT WARNING * * *
The orc wizard hits you but does no damage.
You partially resist.
Your giant cockroach zombie bites the orc wizard but does no damage.
Are you sure you want to stumble around while confused and next to your giant cockroach zombie? [Y]es or [N]o only, please.
Are you sure you want to stumble around while confused and next to your giant cockroach zombie?
Okay, then.
The orc priest hits you but does no damage.
The orc wizard points at you and mumbles some strange words.
The magic dart hits you.
* * * LOW HITPOINT WARNING * * *
Your giant cockroach zombie misses the orc wizard.
The orc priest hits you but does no damage.
The orc wizard barely misses you.
Your giant cockroach zombie bites the orc wizard but does no damage.
The orc priest hits you but does no damage.
The orc wizard hits you with a +1 dagger of draining.
* * * LOW HITPOINT WARNING * * *
You partially resist.
You feel drained.
Your giant cockroach zombie bites the orc wizard.
The orc priest hits you.
You die...
Your body rises from the dead as a mindless zombie.

.# .# ## ## .# ### #..
.# .# ..# ##.. #.## .#
##.## #..##...## ## ...
#.##.....## #
#.#####.#.......##
#######.#........._.....
.............##.@o....#
########.....###Zo...##
#..........##...## #####
#.##....#### #.## #...#
#.##.##.# ... #<#
#.##.##.# #### #..o#
#.......########## ##.##
####.#####.......# #.#
#####......#
#.......######.#


You could see an orc priest, an orc wizard (ally target) and a friendly giant
cockroach zombie.

Vanquished Creatures
  A centaur (D:4)
  2 orc priests
  3 hounds
  5 orc wizards
  3 worker ants (D:4)
  2 hound zombies (D:5)
  8 gnolls
  7 adders
  An ufetubus (D:5)
  2 adder zombies
  A worm (D:2)
  2 dart slugs
  4 leopard geckos
  13 orcs
  2 ball pythons
  6 bats
  9 giant cockroaches
  7 goblins
  10 hobgoblins
  12 jackals
  8 kobolds
  14 frilled lizards
  10 rats
132 creatures vanquished.

Vanquished Creatures (collateral kills)
  A centaur (D:5)
  An orc priest (D:2)
  A worker ant zombie (D:5)
  A gnoll (D:3)
  An orc (D:5)
  A goblin (D:3)
  A hobgoblin (D:3)
7 creatures vanquished.

Vanquished Creatures (others)
  A wizard (D:4)
  A bat zombie (D:2)
  2 adder zombies
  A frilled lizard zombie (D:3)
  2 giant cockroach zombies (D:5)
  2 gnoll zombies (D:4)
  2 goblin zombies (D:3)
  A hound zombie (D:5)
  A jackal zombie (D:2)
  A kobold zombie (D:2)
  5 orc zombies
  A rat skeleton (D:3)
  7 plants (D:2)
27 creatures vanquished.

Grand Total: 166 creatures vanquished

Notes
Turn   | Place    | Note
-------+----------+-------------------------------------------
     0 | D:1      | dolemite99 the Gnoll Monk began the quest for the Orb.
     0 | D:1      | Reached XP level 1. HP: 23/23 MP: 1/1
   172 | D:1      | Reached XP level 2. HP: 29/29 MP: 2/2
   466 | D:1      | Reached XP level 3. HP: 21/35 MP: 3/3
  1182 | D:1      | Reached skill level 1 in Invocations
  1644 | D:2      | Reached skill level 1 in Short Blades
  1644 | D:2      | Reached skill level 1 in Long Blades
  1644 | D:2      | Reached skill level 1 in Maces & Flails
  1644 | D:2      | Reached skill level 1 in Polearms
  1644 | D:2      | Reached skill level 1 in Staves
  1644 | D:2      | Reached skill level 1 in Slings
  1644 | D:2      | Reached skill level 1 in Bows
  1644 | D:2      | Reached skill level 1 in Crossbows
  1644 | D:2      | Reached skill level 1 in Throwing
  1644 | D:2      | Reached skill level 1 in Armour
  1644 | D:2      | Reached skill level 1 in Shields
  1644 | D:2      | Reached skill level 1 in Unarmed Combat
  1644 | D:2      | Reached skill level 1 in Spellcasting
  1644 | D:2      | Reached skill level 1 in Evocations
  1665 | D:2      | You fall into a shaft and drop 2 floors!
  1689 | D:4      | Found a staircase to the Ecumenical Temple.
  1700 | Temple   | Entered the Ecumenical Temple
  1793 | Temple   | Became a worshipper of Yredelemnul the Dark
  1793 | Temple   | Reached * piety under Yredelemnul
  1793 | Temple   | Reached ** piety under Yredelemnul
  1837 | D:4      | Found a bloodstained altar of Trog.
  1839 | D:4      | Noticed a wizard
  1843 | D:4      | Killed a wizard
  1889 | D:4      | Reached XP level 4. HP: 32/41 MP: 5/5
  1930 | D:4      | Reached skill level 1 in Conjurations
  1930 | D:4      | Reached skill level 1 in Hexes
  1930 | D:4      | Reached skill level 1 in Summonings
  1930 | D:4      | Reached skill level 1 in Necromancy
  1930 | D:4      | Reached skill level 1 in Translocations
  1930 | D:4      | Reached skill level 1 in Transmutations
  1930 | D:4      | Reached skill level 1 in Fire Magic
  1930 | D:4      | Reached skill level 1 in Ice Magic
  1930 | D:4      | Reached skill level 1 in Air Magic
  1930 | D:4      | Reached skill level 1 in Earth Magic
  1930 | D:4      | Reached skill level 1 in Poison Magic
  1940 | D:4      | Reached XP level 5. HP: 47/47 MP: 6/6
  2176 | D:4      | Found Apnoetoy's General Store.
  2185 | D:4      | Bought a +0 pair of gloves for 58 gold pieces
  2306 | D:4      | Found Buynniuf's Magic Scroll Shoppe.
  2316 | D:4      | Noticed a centaur
  2334 | D:4      | Killed a centaur
  2335 | D:4      | Reached XP level 6. HP: 22/53 MP: 8/8
  3482 | D:4      | Bought a scroll of identify for 24 gold pieces
  4469 | D:2      | Reached XP level 7. HP: 50/59 MP: 10/10
  4919 | D:2      | Reached *** piety under Yredelemnul
  6748 | D:4      | Found a glowing silver altar of Zin.
  6917 | D:5      | Entered Level 5 of the Dungeon
  7067 | D:5      | Found a broken altar of Ashenzari.
  7294 | D:5      | Reached skill level 5 in Stealth
  7335 | D:5      | Noticed a troll
  8007 | D:5      | Reached XP level 8. HP: 64/67 MP: 12/12
  8108 | D:5      | Found an opulent altar of Gozag.
  8140 | D:5      | HP: 2/60 [orc wizard/+1 dagger of draining (2)]
  8141 | D:5      | Slain by an orc priest

Illustrated notes

Levels and vault maps discovered:
D:1:      minmay_arrival_four_circles, layout_loops_corners
D:2:      layout_basic, minmay_lizard_king
D:3:      layout_loops_ring
D:4:      layout_rooms, kennysheep_little_box, minmay_temple_entry_mist,
          serial_shops, shop, nicolae_shop_competitors_out_of_business,
          skrybe_limestone_x, hangedman_decor_opposing, chequers_garden,
          minivault_14, trog_wizard
D:5:      layout_loops_cross, lemuel_round_altar, lemuel_doored_altar
Temple:   jpeg_temple_clearing

Skill      XL: |  1  2  3  4  5  6  7 |
---------------+----------------------+-----
Invocations    | 1 2 3 |  3.1
Short Blades   | 1 2 |  2.8
Long Blades    | 1 2 |  2.8
Maces & Flails | 1 2 |  2.8
Polearms       | 1 2 |  2.8
Staves         | 1 2 |  2.8
Slings         | 1 2 |  2.8
Bows           | 1 2 |  2.8
Crossbows      | 1 2 |  2.8
Throwing       | 1 2 |  2.8
Armour         | 1 2 |  2.8
Shields        | 1 2 |  2.8
Unarmed Combat | 1 2 |  2.8
Spellcasting   | 1 2 |  2.8
Evocations     | 1 2 |  2.8
Conjurations   | 1 2 |  2.3
Hexes          | 1 2 |  2.3
Summonings     | 1 2 |  2.3
Necromancy     | 1 2 |  2.3
Translocations | 1 2 |  2.3
Transmutations | 1 2 |  2.3
Fire Magic     | 1 2 |  2.3
Ice Magic      | 1 2 |  2.3
Air Magic      | 1 2 |  2.3
Earth Magic    | 1 2 |  2.3
Poison Magic   | 1 2 |  2.3
Fighting       | 7 |  7.2
Axes           | 7 |  7.2
Dodging        | 7 |  7.2
Stealth        | 5 |  5.1

Action                   |  1- 3 |  4- 6 |  7- 9 || total
-------------------------+-------+-------+-------++-------
Melee: Hand axe          |   142 |   199 |   254 ||   595
       Bite              |    12 |    16 |    27 ||    55
       Unarmed           |       |       |    10 ||    10
       Punch             |       |       |     2 ||     2
 Fire: Shortbow          |       |    29 |    52 ||    81
Throw: Dart              |    13 |       |     2 ||    15
Invok: Animate Remains   |       |     6 |     8 ||    14
       Animate Dead      |       |       |    13 ||    13
  Use: Scroll            |     4 |     3 |       ||     7
       Potion            |       |     4 |     4 ||     8
 Stab: Sleeping          |     7 |       |       ||     7
       Distracted        |     1 |       |     1 ||     2
Armor: Robe              |    13 |       |       ||    13
       Ring mail         |    10 |    62 |       ||    72
       Skin              |       |    55 |       ||    55
       Chain mail        |       |    23 |   201 ||   224
Dodge: Dodged            |    88 |   111 |   110 ||   309

Table legend: (Time is in decaauts)
 A = Elapsed time spent in this place.
 B = Non-inter-level travel time spent in this place.
 C = Inter-level travel time spent in this place.
 D = Time resting spent in this place.
 E = Time spent auto-exploring this place.
 F = Levels seen in this place.
 G = Mean time per level.
                   A        B        C        D        E       F      G
               +--------+--------+--------+--------+--------+-----+--------+
         Total |   8117 |   7910 |    207 |   3017 |   2737 |   6 | 1352.8 |
       Dungeon |   7972 |   7800 |    172 |   3000 |   2683 |   5 | 1594.4 |
        Temple |    145 |    110 |     35 |     17 |     54 |   1 |  145.0 |
               +--------+--------+--------+--------+--------+-----+--------+

Top non-repeatable levels by time:
     D:4: 2950 daAuts
     D:3: 1610 daAuts
     D:1: 1392 daAuts
     D:5: 1095 daAuts
     D:2: 923 daAuts
  Temple: 145 daAuts
